Map: Praça Neon Violeta LE

Players

IagoAbreu - Winner!

  • Race: Zerg Zerg
  • Spawn Location: 11:00

I.A. 1 (Muito Difícil)

  • Race: Protoss Protoss
  • Spawn Location: 5:00

VOD

Have the link to the VOD?

Description

Time

  • Played on: May 17, 2018, 5:52 p.m.
  • Length: 13:11
Show
View Real Time Build Order
Export as new Build Order

IagoAbreu Zerg - Winner!

Build Orders: Hatch First, Roach Nydus 

Get SALT Encoding   

  12  0:02  Drone  
  13  0:13  Overlord  
  13  0:18  Drone  
  14  0:32  Drone x2  
  16  0:35  Drone  
  17  0:55  Hatchery  
  16  0:58  Drone  
  16  1:02  Drone  
  18  1:05  Extractor  
  18  1:08  Drone  
  18  1:21  Spawning Pool  
  18  1:25  Drone  
  18  1:31  Drone  
  19  1:43  Drone  
  20  1:56  Drone  
  21  2:03  Drone  
  22  2:11  Drone  
  22  2:13  Roach Warren  
  22  2:16  Drone  
  22  2:19  Queen x2  
  27  2:26  Drone  
  27  2:27  Overlord  
  28  2:32  Overlord  
  28  2:56  Drone x2  
  28  2:57  Drone x3  
  28  2:58  Queen  
  33  2:59  Queen  
  37  3:09  Drone  
  37  3:10  Drone  
  39  3:37  Roach x2  
  39  3:38  Overlord  
  39  3:39  Overlord  
  39  3:41  Lair  
  43  3:56  Queen  
  45  4:05  Drone x5  
  45  4:06  Drone  
  51  4:17  Hatchery  
  51  4:21  Extractor  
  51  4:23  Extractor  
  48  4:27  Roach  
  48  4:28  Roach x3  
  56  4:32  Queen  
  56  4:37  Queen  
  60  5:08  Overlord x2  
  60  5:11  Overlord  
  60  5:12  Overlord  
  60  5:26  Queen  
  62  5:32  Queen  
  64  5:56  Nydus Network  
  63  6:00  Roach x3  
  63  6:01  Roach x6  
  81  6:05  Overseer  
  81  6:23  Roach x2  
  81  6:24  Roach x2  
  89  6:27  Overlord x2  
  89  6:57  Roach x5  
  89  6:58  Roach x3  
  89  7:01  Overlord  
  105  7:22  Nydus Canal  
  105  7:28  Roach x4  
  113  7:31  Overlord  
  113  7:32  Overlord x2  
  113  7:39  Nydus Canal  
  113  7:50  Roach x2  
  113  7:51  Roach x3  
  109  8:02  Nydus Canal  
  109  8:04  Roach  
  109  8:05  Roach x5  
  115  8:15  Roach x3  
  117  8:35  Roach x2  
  117  8:36  Roach x4  
  125  8:53  Roach x3  
  131  9:07  Roach x2  
  131  9:08  Roach  
  137  9:16  Overlord x2  
  137  9:17  Overlord x2  
  137  9:44  Nydus Canal  
  137  9:56  Roach x3  
  137  9:57  Roach x4  
  137  9:58  Roach x2  
  155  11:06  Roach x4  
  155  11:07  Roach x3  
  155  11:10  Overlord  
  155  11:11  Overlord  
  155  11:49  Roach x5  
  155  11:50  Roach x2  
  155  12:15  Roach  
  155  12:18  Overlord  
  155  12:19  Overlord x4  
  155  12:42  Roach x6  
  155  12:43  Roach  
Show
View Real Time Build Order
Export as new Build Order

I.A. 1 (Muito Difícil) Protoss 

Build Orders: Colossus Rush 

Get SALT Encoding   

  12  0:00  Probe  
  13  0:13  Probe  
  14  0:21  Pylon  
  14  0:25  Probe  
  15  0:35  Probe  
  16  0:44  Probe  
  16  0:47  Assimilator  
  17  0:50  Gateway  
  17  0:52  Probe  
  18  1:00  Pylon, Probe  
  18  1:08  Probe  
  20  1:20  Probe  
  21  1:39  Probe, Cybernetics Core  
  22  1:40  Zealot  
  22  1:41  Gateway  
  24  1:49  Pylon  
  24  1:51  Probe  
  25  1:59  Probe  
  25  2:07  Zealot, Probe  
  28  2:14  Assimilator  
  29  2:18  Warp Gate, Probe  
  30  2:28  Adept  
  32  2:31  Probe  
  32  2:34  Adept  
  35  2:38  Pylon  
  35  2:43  Probe  
  36  2:53  Sentry  
  36  2:55  Adept  
  36  2:56  Probe  
  41  3:08  Probe  
  41  3:20  Probe  
  41  3:21  Nexus  
  42  3:28  Stalker  
  42  3:32  Probe  
  45  3:44  Probe  
  45  3:47  Robotics Facility  
  46  3:56  Probe  
  46  3:57  Pylon  
  47  4:11  Probe  
  48  4:20  Adept  
  48  4:22  Probe  
  51  4:28  Adept  
  53  4:32  Probe  
  53  4:34  Probe  
  55  4:38  Adept  
  55  4:44  Probe  
  58  4:46  Probe  
  58  4:48  Robotics Bay  
  58  4:52  Observer  
  60  4:56  Probe  
  60  4:58  Probe  
  62  5:03  Robotics Facility  
  62  5:04  Probe  
  62  5:09  Pylon  
  62  5:10  Probe  
  62  5:11  Stalker  
  66  5:15  Stalker  
  66  5:18  Probe  
  66  5:21  Pylon  
  68  5:23  Probe  
  70  5:29  Colossus  
  70  5:41  Probe  
  76  5:44  Stalker  
  76  5:46  Assimilator  
  79  5:55  Twilight Council  
  79  5:58  Pylon, Probe  
  79  5:59  Assimilator  
  80  6:07  Gateway  
  80  6:08  Probe  
  80  6:10  Probe  
  81  6:20  Zealot, Pylon, Probe  
  81  6:22  Probe  
  85  6:30  Probe  
  86  6:35  Probe  
  86  6:38  Templar Archives, Zealot  
  89  6:40  Zealot  
  89  6:41  Pylon  
  91  6:58  Stalker  
  91  6:59  Pylon  
  91  7:01  Zealot  
  95  7:02  Pylon, Stalker  
  97  7:18  Forge, Sentry  
  97  7:20  Gateway  
  97  7:21  High Templar  
  101  7:25  High Templar, Forge  
  103  7:34  High Templar  
  104  7:48  Pylon, Zealot  
  104  7:49  Nexus  
  102  7:57  Zealot  
  84  8:03  Probe  
  84  8:04  Photon Cannon, Zealot, Probe  
  70  8:06  Zealot  
  63  8:15  High Templar, Probe  
  63  8:17  Zealot, Probe  
  52  8:22  Stalker  
  52  8:24  Pylon  
  45  8:27  Probe  
  32  8:37  Zealot  
  32  8:39  High Templar  
  30  8:47  Zealot  
  30  8:52  Sentry  
  7  9:27  Probe  
  2  9:39  Probe  
  3  9:51  Probe  
  4  10:03  Probe  
Tags
 
Add a new tag
Caveats
  • Supply blocks, unpowered buildings, or Contaminate may cause inaccurate times.
  • Supply counts are checked every 10 seconds.